 Dungeon Crawl Stone Soup version 0.30-a0-56-ge6a4009bfd (webtiles) character file.

Game seed: 15480820056024489294

2283 ytrimaz the Covert (level 9, -7/63 HPs)
             Began as an Octopode Transmuter on Sept 10, 2022.
             Was an Initiate of Ashenzari.
             Mangled by an unseen horror (9 damage)
             ... on level 6 of the Dungeon.
             The game lasted 00:11:38 (10614 turns).

ytrimaz the Covert (Octopode Transmuter)           Turns: 10614, Time: 00:11:38

Health: -7/63      AC:  8    Str:  9    XL:     9   Next: 39%
Magic:  21/21      EV: 10    Int: 20    God:    Ashenzari [......]
Gold:   280        SH:  5    Dex: 12    Spells: 4/13 levels left

rFire   x . .      SeeInvis .      - Unarmed
rCold   + + +      Faith    .    (shield currently unavailable)
rNeg    . . .      Spirit   .    (helmet currently unavailable)
rPois   +          Reflect  +    k - amulet of reflection
rElec   .          Harm     .    j - ring of the Wild Blue Yonder {MP+9, Self, Alch} (curse)
rCorr   .          Rampage  .    s - ring of poison resistance
Will    .....                    (no ring)
Stlth   +++++.....               (no ring)
HPRegen 0.20/turn                (no ring)
MPRegen 0.17/turn                (no ring)
                                 (no ring)
                                 (no ring)

@: ice-form
A: freezing attack, boosted hp, almost no armour, amphibious, 8 rings, large,
(camouflage 1), (gelatinous body 1), (nimble swimmer 1), (tentacles)
a: End Transformation, Renounce Religion, Curse Item, Shatter the Chains


You were on level 6 of the Dungeon.
You worshipped Ashenzari.
Ashenzari was noncommittal.
You were a creature of crystalline ice.
You visited 1 branch of the dungeon, and saw 6 of its levels.
You also visited: Sewer.

You collected 345 gold pieces.
You spent 65 gold pieces at shops.


Innate Abilities, Weirdness & Mutations

You are a creature of crystalline ice.
You have a powerful freezing melee attack.
Your maximum health is increased.
Your armour is entirely melded.
You are incapable of wielding weapons or throwing items.
You cannot wear most types of armour.
You are amphibious.
You can wear up to eight rings at the same time.
((Your skin changes colour to match your surroundings (Stealth+).))
((Your rubbery body absorbs attacks. (AC +1, EV +1)))
((You are camouflaged when in or above water. (Stealth+)))
((You have tentacles for arms and can constrict up to eight enemies at once.))


   Skills:
 - Level 1.0(1.2) Fighting
 - Level 2.0 Dodging
 - Level 12.0 Stealth
 + Level 3.3 Unarmed Combat
 + Level 2.2(2.6) Spellcasting
 + Level 6.8(7.2) Transmutations
 - Level 4.0 Ice Magic
 - Level 4.0(4.3) Poison Magic


You had 4 spell levels left.
You knew the following spells:

 Your Spells              Type           Power      Damage    Failure   Level
a - Ice Form              Ice/Tmut       25%        N/A       14%         4
b - Wereblood             Tmut           31%        N/A       1%          2
c - Spider Form           Tmut/Pois      25%        N/A       4%          3

Your spell library contained the following spells:

 Spells                   Type           Power      Damage    Failure   Level
 Beastly Appendage        Tmut           62%        N/A       1%          1
 Ozocubu's Armour         Ice            18%        N/A       9%          3
 Summon Small Mammal      Summ           8%         N/A       16%         1
 Call Canine Familiar     Summ           2%         N/A       41%         3
 Summon Guardian Golem    Hex/Summ       2%         N/A       41%         3
 Conjure Ball Lightning   Conj/Air       1%         3x3d6     100%        6
 Ozocubu's Refrigeration  Ice            9%         4d9       100%        7
 Discord                  Hex            1%         N/A       100%        8
 Disjunction              Tloc           1%         N/A       100%        8

Inventory:

Jewellery
 j - the cursed ring of the Wild Blue Yonder (left front paw) {MP+9, Self, Alch}
   (You found it on level 4 of the Dungeon)

   [ring of magical power]

   MP:        It affects your magic capacity (+9).
   It has a curse which improves the following skills: Introspection: Fighting
   and Spellcasting.
   Alchemy:   Poison Magic and Transmutations.
 k - an amulet of reflection (around neck)
   (You found it on level 4 of the Dungeon)
 s - a ring of poison resistance (right front paw)
   (You found it on level 6 of the Dungeon)
Wands
 l - a wand of digging (5)
   (You found it on level 4 of the Dungeon)
 o - a wand of light (11)
   (You took it off Edmund on level 5 of the Dungeon)
Scrolls
 i - a scroll of butterflies
 m - a scroll of magic mapping
 q - a scroll of fear
 t - 2 scrolls of teleportation
 u - a scroll of amnesia
Potions
 a - 3 potions of magic
 b - a potion of might {unknown}
 c - a potion of berserk rage {unknown}
 d - 2 potions of heal wounds
 e - 3 potions of mutation {unknown}
 f - a potion of invisibility {unknown}
 g - 2 potions of degeneration {unknown}
 h - 2 potions of curing {unknown}
 n - a potion of flight {unknown}
 p - a potion of brilliance {unknown}
 r - a potion of haste {unknown}

Dungeon Overview and Level Annotations

Branches:
Dungeon (6/15) Zot: 24008   Sewer (visited)
 Temple: D:4-7

Altars:
Ashenzari
Cheibriados
Vehumet

Shops:
D:2 [=   D:4 !*(

Annotations:
D:3 1 runed translucent door, Crazy Yiuf

.........'..............#........
.>.......################........
#'####...........................
#....#...........................
#....#...........................
#....#........................###
#.............................#..
#...############'########.....'..
#....# #...Y#......#.....#..
.....# #....#......#.....#..
.....# #....#......#.....#..
###### ########'#####.....#..
#................>.#..
#.............######..
#.............#...##..
#.............#...##..
#.............#.......


There were no monsters in sight!


Message History

Your hp is fully restored (53).
You start waiting.
Done waiting.
Casting: Spider Form (dangerous; 4% risk of failure)
Confirm with . or Enter, or press ? or * to list all spells.
The spell is quite dangerous to miscast (14% risk of failure)!
Continue anyway?
You turn into a creature of crystalline ice. 😎 HP[+10] MP[-4]
You now have 63 max hp (+10).
Your hp is fully restored (63).
You lost 4 mp, and now have 17/21 mp.
Unknown command.
You open the door.
There is an open door here.
You start resting.
There is a strange disturbance nearby! 😎 MP[+2]
You regained 2 mp, and now have 19/21 mp.
There is an open door here.
You start resting. 😎 MP[+2]
Your mp is fully restored (21).
You start waiting.
Your transformation is almost over.
You warm up again. 😎 HP[-10]
You now have 53 max hp (-10).
Casting: Ice Form (quite dangerous; 14% risk of failure)
Confirm with . or Enter, or press ? or * to list all spells.
The spell is quite dangerous to miscast (14% risk of failure)!
Continue anyway?
Okay, then.
Casting: Ice Form (quite dangerous; 14% risk of failure)
Confirm with . or Enter, or press ? or * to list all spells.
The spell is quite dangerous to miscast (14% risk of failure)!
Continue anyway?
You turn into a creature of crystalline ice. 😎 HP[+10] MP[-4]
You now have 63 max hp (+10).
Your hp is fully restored (63).
You lost 4 mp, and now have 17/21 mp.
Unknown command.
You start resting.
Something hits you but does no damage. 😎 MP[+3]
You regained 3 mp, and now have 20/21 mp.
Unknown command.
Something hits you. 😕 HP[-1]
You take 1 damage, and now have 62/63 hp.
Something hits you but does no damage. Something hits you!
There is an open door here. 😕 HP[-8]
You take 8 damage, and now have 54/63 hp.
You barely miss something. Something hits you. 😕 HP[-5] MP[+1]
You take 5 damage, and now have 49/63 hp.
Your mp is fully restored (21).
You barely miss something. You block something's attack.
Something hits you but does no damage.
There is an open door here.
There is an open door here.
Something hits you but does no damage. 😕 HP[+1]
You close the door.
Something completely misses you.
You hit something but do no damage. Something hits you!
Something hits you but does no damage. 😮 HP[-8]
You take 8 damage, and now have 42/63 hp.
You punch something! You freeze something.
Something hits you but does no damage. Something hits you but does no damage.
You open the door. Something hits you. x2
Something hits you but does no damage. 😮 HP[-8]
You take 8 damage, and now have 34/63 hp.
Something hits you!
* * * LOW HITPOINT WARNING * * *
There is an open door here. 😨 HP[-8]
You take 8 damage, and now have 26/63 hp.
Something hits you but does no damage. Something hits you.
* * * LOW HITPOINT WARNING * * *
😨 HP[-2]
You take 2 damage, and now have 24/63 hp.
Something hits you but does no damage. Something hits you!
* * * LOW HITPOINT WARNING * * *
There is an open door here. 😨 HP[-8]
You take 8 damage, and now have 16/63 hp.
Something hits you!
* * * LOW HITPOINT WARNING * * *
There is an open door here. 😱 HP[-8]
You take 8 damage, and now have 8/63 hp.
Okay, then.
Something hits you but does no damage.
You punch something! You freeze something. Something hits you.
* * * LOW HITPOINT WARNING * * *
😱 HP[-6]
You take 6 damage, and now have 2/63 hp.
You swing at nothing.
Something hits you!
You die...

Skill      XL: |  1  2  3  4  5  6  7  8  9 |
---------------+----------------------------+-----
Stealth        | 1 3 5 6 8 10 12 | 12.0
Transmutations | 3 4 6 |  6.8
Poison Magic   | 2 3 4 |  4.0
Ice Magic      | 2 4 |  4.0
Fighting       | |  1.0
Dodging        | |  2.0
Unarmed Combat | |  3.3
Spellcasting   | |  2.2

Action                   |  1- 3 |  4- 6 |  7- 9 || total
-------------------------+-------+-------+-------++-------
Melee: Unarmed           |    81 |   126 |   264 ||   471
       Constrict         |    11 |     4 |     2 ||    17
       Tentacles         |     7 |     5 |     2 ||    14
       Punch             |     2 |       |       ||     2
 Cast: Spider Form       |       |    10 |    16 ||    26
       Ice Form          |       |     3 |    22 ||    25
       Wereblood         |       |     3 |     5 ||     8
Invok: Curse Item        |       |       |     1 ||     1
Evoke: Wand              |       |       |     1 ||     1
  Use: Scroll            |     3 |     2 |     7 ||    12
       Potion            |     1 |     1 |     1 ||     3
 Stab: Sleeping          |     8 |     5 |     9 ||    22
Armor: Skin              |    16 |    69 |    67 ||   152
Dodge: Dodged            |    45 |   113 |   125 ||   283
Block: Other             |       |       |    40 ||    40
       Reflection        |       |       |     1 ||     1

Levels and vault maps discovered:
D:1:      dpeg_arrival_arbitrary_a, layout_loops_corners, minmay_misc_feat_tiny
D:2:      layout_basic, nicolae_ecumenical_snake_handling, serial_shops,
          nicolae_shop_behind_doors, shop, minmay_statues_item, minivault_11,
          uniq_sigmund, uniq_jessica
D:3:      layout_loops_cross, mainiacjoe_overflow_surrounded_room,
          serial_rivers, chequers_serial_rivers_micro_a,
          chequers_serial_rivers_small_b, chequers_serial_rivers_marsh,
          chequers_serial_rivers_micro_a, chequers_serial_rivers_large_b,
          chequers_serial_rivers_large_a, gup_sewer_entry_bowl,
          uniq_crazy_yiuf_cottage, uniq_natasha, uniq_robin
D:4:      layout_rooms, serial_shops, nicolae_shop_stone,
          nicolae_take_the_stairs, shop
D:5:      layout_basic, uniq_prince_ribbit1, uniq_edmund
D:6:      layout_gridville, nicolae_overflow_hidden_temple,
          kennysheep_slug_shrine, abandoned_shop, kennysheep_generic_room_4

Notes
Turn   | Place    | Note
-------+----------+-------------------------------------------
     0 | D:1      | ytrimaz the Octopode Transmuter began the quest for the
                  | Orb.
     0 | D:1      | Reached XP level 1. HP: 13/13 MP: 3/3
     0 | D:1      | magus.rc [v1.9.6]
   202 | D:1      | Reached skill level 1 in Stealth
   236 | D:1      | Reached XP level 2. HP: 17/18 MP: 5/5
   240 | D:1      | Reached skill level 2 in Stealth
   466 | D:1      | Learned a level 2 spell: Wereblood
   648 | D:1      | Reached skill level 3 in Stealth
  1223 | D:1      | Reached XP level 3. HP: 22/23 MP: 6/6
  1267 | D:1      | Learned a level 3 spell: Spider Form
  1535 | D:2      | Found a faded altar of an unknown god.
  1696 | D:2      | Noticed Sigmund
  1722 | D:2      | Killed Sigmund
  1723 | D:2      | Reached skill level 5 in Stealth
  1723 | D:2      | Reached skill level 3 in Transmutations
  1723 | D:2      | Reached skill level 2 in Poison Magic
  1723 | D:2      | Reached XP level 4. HP: 14/28 MP: 7/7
  1723 | D:2      | Reached XP level 5. HP: 16/33 MP: 8/8
  1929 | D:2      | Noticed Jessica
  1935 | D:2      | Killed Jessica
  1936 | D:2      | Reached skill level 3 in Poison Magic
  2088 | D:2      | Reached XP level 6. HP: 24/38 MP: 5/9
  2096 | D:2      | Learned a level 4 spell: Ice Form
  2549 | D:2      | Found Obboef Qaji's Jewellery Shoppe.
  2607 | D:2      | You pick up a book of Callings and begin reading...
  2607 | D:2      | You add the spells Summon Small Mammal, Call Canine
                  | Familiar and Summon Guardian Golem to your library.
  2834 | D:2      | Found Uxzeuroi's Armour Shoppe.
  2897 | D:3      | Identified the +1 helmet of Tiom Tiff {rPois rCorr Str+4
                  | Dex+4}
  2897 | D:3      | Noticed Robin
  2919 | D:3      | Killed Robin
  2922 | D:3      | Noticed Natasha
  2947 | D:3      | Killed Natasha
  3277 | D:3      | Noticed Natasha
  3283 | D:3      | Killed Natasha
  3284 | D:3      | Reached skill level 6 in Stealth
  3290 | D:3      | Found a glowing drain.
  3294 | Sewer    | Entered a sewer
  3762 | Sewer    | Noticed Pargi
  3781 | Sewer    | Killed Pargi
  3782 | Sewer    | Reached skill level 4 in Transmutations
  3782 | Sewer    | Reached skill level 4 in Poison Magic
  3782 | Sewer    | Reached XP level 7. HP: 31/43 MP: 6/10
  4324 | D:3      | Reached skill level 7 in Stealth
  4327 | D:3      | HP: 10/43 [poisoned by a scorpion]
  4644 | D:3      | Noticed Natasha
  4654 | D:3      | Killed Natasha
  4859 | D:3      | Found a broken altar of Ashenzari.
  4867 | D:3      | Became a worshipper of Ashenzari the Shackled
  5269 | D:3      | Found a runed translucent door.
  5270 | D:3      | Noticed Crazy Yiuf
  5481 | D:4      | Reached skill level 1 in Ice Magic
  5489 | D:4      | You pick up a book of Chaos and begin reading...
  5489 | D:4      | You add the spells Conjure Ball Lightning, Disjunction and
                  | Discord to your library.
  6066 | D:4      | Found Oxtoyxt's Assorted Antiques.
  6195 | D:4      | Reached skill level 8 in Stealth
  6518 | D:4      | Found Vigutag's Antique Weapon Emporium.
  6602 | D:4      | Found Qaran's Distillery.
  6611 | D:4      | Bought a potion of heal wounds for 65 gold pieces
  6652 | D:5      | Entered Level 5 of the Dungeon
  6684 | D:5      | Reached skill level 2 in Ice Magic
  6684 | D:5      | Reached XP level 8. HP: 48/48 MP: 11/11
  6828 | D:5      | Reached skill level 5 in Transmutations
  6903 | D:5      | Noticed Edmund
  6925 | D:5      | Killed Edmund
  6926 | D:5      | Reached skill level 9 in Stealth
  7123 | D:5      | Reached skill level 3 in Ice Magic
  7567 | D:5      | Reached skill level 10 in Stealth
  7791 | D:6      | You add the spells Ozocubu's Armour and Ozocubu's
                  | Refrigeration to your library.
  8069 | D:6      | Found a radiant altar of Vehumet.
  8146 | D:6      | Reached skill level 6 in Transmutations
  8146 | D:6      | Reached skill level 4 in Ice Magic
  8146 | D:6      | Reached XP level 9. HP: 28/53 MP: 12/12
  8345 | D:6      | Reached skill level 11 in Stealth
  8561 | D:6      | HP: 10/53 [something (6)]
  9300 | D:5      | Noticed Prince Ribbit
  9307 | D:5      | Killed Prince Ribbit
  9308 | D:5      | Reached skill level 12 in Stealth
  9631 | D:6      | Found a snail-covered altar of Cheibriados.
  9661 | D:6      | Identified the +3 leather armour of the Forest {rN+++ Dex+4
                  | Slay-6}
 10611 | D:6      | HP: 8/63 [something (9)]
 10613 | D:6      | HP: 2/63 [something (6)]
 10614 | D:6      | Mangled by an unseen horror

Vanquished Creatures
  Prince Ribbit (D:5)
  Sigmund (D:2)
  A water moccasin (D:6)
  Edmund (D:5)
  Pargi (Sewer)
  An ice beast (D:5)
  A sky beast (D:6)
  A centaur (D:5)
  4 phantoms
  3 necrophages
  A scorpion (D:3)
  A howler monkey (D:5)
  A jelly (D:6)
  6 hounds
  6 iguanas
  Jessica (D:2)
  Natasha (thrice) (D:3)
  2 orc wizards (D:5)
  Robin (D:3)
  11 adders
  3 gnolls (D:5)
  2 river rats (D:3)
  A shadow imp (D:6)
  2 worms
  2 dart slugs
  8 orcs
  6 bats
  5 endoplasms
  4 giant cockroaches
  18 goblins
  9 hobgoblins
  4 quokkas
  12 ball pythons
  6 frilled lizards
  A kobold (D:1)
  3 rats
134 creatures vanquished.

Table legend:
 A = Non-vault XP
 B = Vault XP
 C = Vault XP percentage of total XP
 D = Non-vault monster count
 E = Vault monster count
 F = Vault count percentage of total count
                 A         B        C        D         E       F
            +---------+---------+-------+---------+---------+-------
      Total |    2277 |     985 |  30.2 |      99 |      35 |  26.1
            +---------+---------+-------+---------+---------+-------
        D:1 |      35 |       0 |   0.0 |      22 |       0 |   0.0
        D:2 |      85 |     269 |  76.0 |      19 |       6 |  24.0
        D:3 |     178 |     101 |  36.2 |       8 |      16 |  66.7
        D:4 |     237 |       0 |   0.0 |      13 |       0 |   0.0
        D:5 |     966 |     422 |  30.4 |      26 |       2 |   7.1
        D:6 |     776 |      40 |   4.9 |      11 |       2 |  15.4
      Sewer |       0 |     153 | 100.0 |       0 |       9 | 100.0
            +---------+---------+-------+---------+---------+-------

Illustrated notes

Table legend:
 A = Kills in this place as a percentage of kills in entire the game.
 B = Kills by you in this place as a percentage of kills by you in the entire game.
 C = Kills by friends in this place as a percentage of kills by friends in the entire game.
 D = Other kills in this place as a percentage of other kills in the entire game.
 E = Experience gained in this place as a percentage of experience gained in the entire game.
 F = Experience gained in this place divided by the number of levels of this place that you have seen.
                   A       B       C       D       E      F
               +-------+-------+-------+-------+-------+----------------------
         Total | 100.0 | 100.0 |   N/A |   N/A | 100.0 | 466.0
       Dungeon |  93.3 |  93.3 |   N/A |   N/A |  95.3 | 518.2
         Sewer |   6.7 |   6.7 |   N/A |   N/A |   4.7 | 153.0
               +-------+-------+-------+-------+-------+----------------------

Table legend: (Time is in decaauts)
 A = Elapsed time spent in this place.
 B = Non-inter-level travel time spent in this place.
 C = Inter-level travel time spent in this place.
 D = Time resting spent in this place.
 E = Time spent auto-exploring this place.
 F = Levels seen in this place.
 G = Mean time per level.
                   A        B        C        D        E       F      G
               +--------+--------+--------+--------+--------+-----+--------+
         Total |  10597 |  10408 |    189 |   1625 |   7432 |   7 | 1513.9 |
       Dungeon |   9799 |   9610 |    189 |   1221 |   7178 |   6 | 1633.2 |
         Sewer |    797 |    797 |      0 |    404 |    254 |   1 |  797.0 |
               +--------+--------+--------+--------+--------+-----+--------+

Top non-repeatable levels by time:
     D:6: 2267 daAuts
     D:3: 1693 daAuts
     D:5: 1683 daAuts
     D:1: 1527 daAuts
     D:2: 1364 daAuts
     D:4: 1264 daAuts
   Sewer: 797 daAuts
